 Dungeon Crawl Stone Soup version 0.30-a0-620-g0e44632947 (webtiles) character file.

Game seed: 11319453921202872469

26 Dartaoz the Conjurer (level 2, -3/22 HPs)
             Began as a Draconian Conjurer on Jan 10, 2023.
             Slain by Sigmund
             ... wielding a +0 scythe
              (6 damage)
             ... on level 3 of the Dungeon.
             The game lasted 00:04:33 (1622 turns).

Dartaoz the Conjurer (Draconian Conjurer)           Turns: 1622, Time: 00:04:34

Health: -3/22      AC:  4    Str:  9    XL:     2   Next: 89%
Magic:  0/5        EV: 12    Int: 18    God:
Gold:   108        SH:  0    Dex:  9    Spells: 2/5 levels left

rFire   . . .      SeeInvis .    c - +0 spear
rCold   . . .      Faith    .    (no shield)
rNeg    . . .      Spirit   .    (body armour unavailable)
rPois   .          Reflect  .    (helmet restricted)
rElec   .          Harm     .    (no cloak)
rCorr   .          Rampage  .    (no gloves)
Will    .....                    (no boots)
Stlth   ++                       (no amulet)
HPRegen 0.23/turn                (no ring)
MPRegen 0.09/turn                (no ring)

@: no status effects
A: AC +4, unfitting armour, cold-blooded
a: no special abilities


You were on level 3 of the Dungeon.
You visited 1 branch of the dungeon, and saw 3 of its levels.

You collected 108 gold pieces.

Inventory:

Hand Weapons
 c - a +0 spear (weapon)
Scrolls
 b - 2 scrolls of vulnerability {unknown}
 d - a scroll of teleportation {unknown}
 e - 2 scrolls of fog {unknown}
 g - a scroll of silence {unknown}
 h - 4 scrolls of identify {unknown}
 k - a scroll of immolation {unknown}
 l - a scroll of acquirement {unknown}
Potions
 a - a potion of magic
 f - a potion of lignification {unknown}
 i - 2 potions of curing {unknown}
 j - a potion of might {unknown}
 m - a potion of brilliance {unknown}


   Skills:
 + Level 0.6 Fighting
 + Level 2.1 Dodging
 + Level 2.2 Stealth
 + Level 2.3 Spellcasting
 + Level 4.2 Conjurations


You had 2 spell levels left.
You knew the following spells:

 Your Spells              Type           Power      Damage    Failure   Level
a - Magic Dart            Conj           68%        1d6       3%          1
b - Searing Ray           Conj           34%        2d5       4%          2

Your spell library contained the following spells:

 Spells                   Type           Power      Damage    Failure   Level
 Kiss of Death            Conj/Necr      36%        2d8       8%          1
 Dazzling Flash           Conj/Hex       18%        N/A       22%         3
 Confusing Touch          Hex            2%         N/A       47%         3
 Fulminant Prism          Conj/Hex       4%         3d5       58%         4
 Iskenderun's Mystic Bla  Conj/Tloc      9%         2d4       58%         4
 Dispel Undead            Necr           2%         3d7       87%         4


Dungeon Overview and Level Annotations

Branches:
Dungeon (3/15)

Altars:

Annotations:
D:3 Sigmund


Innate Abilities, Weirdness & Mutations

Your plain brown scales are hard. (AC +4)
You cannot fit into any form of body armour.
You are cold-blooded and may be slowed by cold attacks.


Message History

You don't know that spell.
Unknown command.
The kobold barely misses you.
The magic dart hits the kobold.
The kobold is moderately wounded.
The kobold drinks a potion.
The kobold flickers and vanishes!
Something hits you!
Casting: Magic Dart (safe; 3% risk of failure)
Confirm with . or Enter, or press ? or * to list all spells.
You can't see any susceptible monsters within range! (Use Z to cast anyway.)
You can't see any susceptible monsters within range! (Use Z to cast anyway.)
Casting: Magic Dart (safe; 3% risk of failure)
Confirm with . or Enter, or press ? or * to list all spells.
You can't see any susceptible monsters within range! (Use Z to cast anyway.)
Aiming: Magic Dart (safe; 3% risk of failure)
Press: ? - help, Q - select action, (/) - cycle Shift-Dir - straight line The magic dart hits something.
Something hits you but does no damage.
Aiming: Magic Dart (safe; 3% risk of failure)
Press: ? - help, Q - select action, (/) - cycle Shift-Dir - straight line The magic dart hits something.
Reactivating autopickup.
You feel a bit more experienced. Something hits you but does no damage.
Deactivating autopickup; reactivate with Ctrl-A.
Unknown command.
Something hits you.
Aiming: Magic Dart (safe; 3% risk of failure)
Press: ? - help, Q - select action, (/) - cycle Shift-Dir - straight line The magic dart hits something.
Aiming: Magic Dart (safe; 3% risk of failure)
Press: ? - help, Q - select action, (/) - cycle Shift-Dir - straight line The magic dart hits something.
Something hits you!
* * * LOW HITPOINT WARNING * * *
You don't have enough magic to cast this spell.
Reach: c) +0 spear
Press: ? - help, Dir - move target You reach to attack!
You miss something. Something hits you.
You die...

... ..... ###...
#.#####...... #.....
### #.#...'......
#...##.>#
#.#..##......
#...#... #....# .....
+#...#..####....#
....
#####....)###......##
...
#...........)..{...#
..
#......8.....@.....#
.
#..)..........##...#
#####.....######...#
+#...#+ ##### #...#
#...# #....# ######


There were no monsters in sight!

Vanquished Creatures
  A dart slug (D:1)
  2 bats
  2 endoplasms (D:1)
  4 goblins
  4 hobgoblins (D:1)
  2 kobolds
  A quokka (D:2)
  2 ball pythons
  A frilled lizard (D:1)
  2 rats (D:1)
21 creatures vanquished.

Notes
Turn   | Place    | Note
-------+----------+-------------------------------------------
     0 | D:1      | Dartaoz the Draconian Conjurer began the quest for the Orb.
     0 | D:1      | Reached XP level 1. HP: 14/14 MP: 3/3
   212 | D:1      | Reached XP level 2. HP: 20/20 MP: 1/5
   240 | D:1      | Learned a level 2 spell: Searing Ray
  1582 | D:3      | Identified the +5 mace of Indomitability {holy, Will+
                  | Str+6}
  1606 | D:3      | Noticed Sigmund
  1622 | D:3      | Slain by Sigmund

Illustrated notes

Levels and vault maps discovered:
D:1:      lemuel_arrival_lava_pool, layout_basic
D:2:      layout_basic
D:3:      layout_basic, grunt_ministairs_6, minmay_misc_feat_four_crosses,
          minmay_misc_feat_secret_circle, uniq_sigmund

Skill      XL: |  1 |
---------------+----+-----
Stealth        | 2 |  2.2
Dodging        | 2 |  2.1
Fighting       | |  0.6
Spellcasting   | |  2.3
Conjurations   | |  4.2

Action                   || total
-------------------------++-------
Melee: Unarmed           ||    12
       Spear             ||     6
       Tailslap          ||     3
 Cast: Magic Dart        ||    41
Armor: Skin              ||     7
Dodge: Dodged            ||     7

Table legend: (Time is in decaauts)
 A = Elapsed time spent in this place.
 B = Non-inter-level travel time spent in this place.
 C = Inter-level travel time spent in this place.
 D = Time resting spent in this place.
 E = Time spent auto-exploring this place.
 F = Levels seen in this place.
 G = Mean time per level.
                   A        B        C        D        E       F      G
               +--------+--------+--------+--------+--------+-----+--------+
         Total |   1623 |   1532 |     91 |      0 |   1349 |   3 |  541.0 |
       Dungeon |   1623 |   1532 |     91 |      0 |   1349 |   3 |  541.0 |
               +--------+--------+--------+--------+--------+-----+--------+

Top non-repeatable levels by time:
     D:1: 1212 daAuts
     D:2: 307 daAuts
     D:3: 103 daAuts
